 Dungeon Crawl Stone Soup version 0.19.0-24-gb05acd6 (webtiles) character file.

192 shmeve the Skirmisher (level 5, -1/47 HPs)
             Began as a Draconian Fighter on Nov 21, 2016.
             Slain by an orc wizard
             ... wielding a +0 dagger of draining
              (2 damage)
             ... on level 4 of the Dungeon.
             The game lasted 00:04:32 (2303 turns).

shmeve the Skirmisher (Draconian Fighter)           Turns: 2303, Time: 00:04:33

Health: -1/47      AC:  7    Str: 18 (20) XL:     5   Next: 42%
Magic:  5/5        EV:  9    Int:  8      God:
Gold:   225        SH:  8    Dex:  9 (10) Spells: 0 memorised, 4 levels left

rFire  . . .     SeeInvis .     a - +0 war axe
rCold  . . .     Gourm    +     (armour unavailable)
rNeg   . . .     Faith    .     b - +0 shield
rPois  .         Spirit   .     (helmet restricted)
rElec  .         Reflect  .     m - +0 cloak
rCorr  .         Harm     .     n - +0 pair of gloves
MR     .....     Clarity  +     (no boots)
Stlth  +.........               j - amulet of the gourmand
                                (no ring)
                                (no ring)

@: lethally poisoned (-1 -> -2), flying, slowed, heavily drained, very slow
A: unfitting armour, antennae 1, big wings, clarity, cold-blooded, AC +5
a: Stop Flying


You were on level 4 of the Dungeon.
You were completely stuffed.

You visited 1 branch of the dungeon, and saw 4 of its levels.

You collected 225 gold pieces.

Inventory:

Hand Weapons
 a - a +0 war axe (weapon)
Armour
 b - a +0 shield (worn)
 m - a +0 cloak (worn)
 n - a +0 pair of gloves (worn)
Jewellery
 j - an amulet of the gourmand (around neck)
Scrolls
 h - 2 scrolls of identify {unknown}
 l - a scroll of noise {unknown}
 o - a scroll of enchant armour {unknown}
 p - 2 scrolls of blinking {unknown}
 q - a scroll of remove curse {unknown}
Potions
 e - a potion of degeneration
Comestibles
 d - 2 bread rations
 i - 3 meat rations


   Skills:
 * Level 4.3(2.3) Fighting
 * Level 3.2(1.2) Axes
 * Level 3.5(1.5) Dodging
 + Level 1.6(0.0) Stealth
 * Level 3.7(1.7) Shields


You had 4 spell levels left.
You didn't know any spells.

Dungeon Overview and Level Annotations

Branches:
Dungeon (4/15)
 Temple: D:4-7

Altars:


Innate Abilities, Weirdness & Mutations

Your plain brown scales are hard. (AC +5)
You cannot fit into any form of body armour.
You are cold-blooded and may be slowed by cold attacks.
You have a pair of small antennae on your head.
Your large and strong wings let you fly indefinitely.
You possess an exceptional clarity of mind.


Message History

* * * LOW HITPOINT WARNING * * *
You feel drained.
The orc wizard hits you but does no damage.
You feel drained.
You barely miss the orc wizard.
The orc wizard is almost dead.
You feel sick.
The orc wizard hits you with a dagger of draining.
* * * LOW HITPOINT WARNING * * *
You feel drained.
The orc wizard mumbles some strange words.
The orc wizard blinks!
The orc wizard gestures at you while chanting.
You feel yourself slow down.
Things that are here:
a dagger of protection; a robe; a worker ant corpse The orc wizard hits you but does no damage.
You feel drained.
The orc wizard hits you with a dagger of draining.
You die...

# ### ####. ...
.....# #.#
#...###o#
###.....@.#
....)..)).#
####.####......
.. .##### # .#
.# .# .#


You could see an orc wizard.

Vanquished Creatures
  An orc wizard (D:4)
  Jessica (D:3)
  2 worker ants (D:4)
  2 adders (D:3)
  4 worms
  2 dart slugs (D:1)
  A leopard gecko (D:2)
  2 orcs
  5 bats
  7 giant cockroaches
  6 goblins
  7 hobgoblins
  2 jackals (D:3)
  2 ball pythons
  2 frilled lizards
  6 kobolds
  6 rats
58 creatures vanquished.

Notes
Turn   | Place    | Note
-------+----------+-------------------------------------------
     0 | D:1      | shmeve the Draconian Fighter began the quest for the Orb.
     0 | D:1      | Reached XP level 1. HP: 19/19 MP: 1/1
   266 | D:1      | Reached XP level 2. HP: 24/26 MP: 2/2
   919 | D:2      | Reached XP level 3. HP: 33/33 MP: 3/3
  1289 | D:2      | Reached skill level 1 in Stealth
  1592 | D:3      | Noticed Jessica
  1608 | D:3      | Killed Jessica
  1608 | D:3      | Reached skill level 4 in Fighting
  1608 | D:3      | Reached XP level 4. HP: 14/40 MP: 4/4
  2056 | D:3      | Gained mutation: You have a pair of small antennae on your head. [potion of mutation]
  2056 | D:3      | Gained mutation: You possess an exceptional clarity of mind. [potion of mutation]
  2056 | D:3      | Gained mutation: Your large and strong wings let you fly indefinitely. [potion of mutation]
  2287 | D:4      | Reached XP level 5. HP: 34/46 MP: 3/5
  2301 | D:4      | HP: 1/47 [orc wizard/dagger of draining (5)]
  2303 | D:4      | Slain by an orc wizard

Skill      XL: |  1  2  3  4 |
---------------+-------------+-----
Stealth        | 1 |  1.6
Dodging        | 3 |  3.5
Fighting       | 4 |  4.3
Axes           | 3 |  3.2
Shields        | |  3.7

Action                   |  1- 3 |  4- 6 || total
-------------------------+-------+-------++-------
Melee: War axe           |    91 |    79 ||   170
       Tailslap          |    12 |    10 ||    22
 Abil: Fly               |       |     1 ||     1
  Use: Potion            |       |     6 ||     6
  Eat: Chunk             |    12 |     3 ||    15
Armor: Skin              |    41 |    38 ||    79
Dodge: Dodged            |    69 |    59 ||   128
Block: Shield            |    71 |    64 ||   135
